[Event "Fast Chess"]
[Site "ChessKid.com"]
[Date "2020.04.28"]
[Round "3"]
[White "Gross, Lukas"]
[Black "Georgiev, Maximilian"]
[Result "0-1"]
[ECO "A00"]
[WhiteElo "1139"]
[BlackElo "1399"]
[PlyCount "126"]
[EventDate "2020.??.??"]
[TimeControl "300+50"]
[WhiteClock "0:06:11"]
[BlackClock "0:05:27"]

1. g3 c5 2. Bg2 g6 3. Nh3 Bg7 4. O-O e6 5. d3 Ne7 6. Bg5 O-O 7. Qd2 f6 8. Be3 b6 9. Bxa8 Nbc6 10. Bxc6 dxc6 11. Nf4 f5 12. Ng2 Bxb2 13. Bh6 Bxa1 14. Qg5 Bf6 15. Qxf6 Rxf6 16. Bg5 Rf7 17. Bxe7 Rxe7 18. Nc3 Qd4 19. Nd1 Qa4 20. Nc3 Qxc2 21. Nd1 Qxe2 22. Nde3 Qxa2 23. h4 Ba6 24. Nf4 Qd2 25. Rd1 Qa2 26. h5 gxh5 27. Nxh5 Qa3 28. Nf4 e5 29. Nh5 Bxd3 30. Nf6+ Kf7 31. Nxh7 Be2 32. Rd8 Kg7 33. Nf8 Qa1+ 34. Kg2 Qf1+ 35. Nxf1 Bxf1+ 36. Kxf1 f4 37. gxf4 exf4 38.
Kg2 Kf6 39. Nd7+ Ke6 40. Nf8+ Kf7 41. Nh7 Kg6 42. Nf8+ Kg7 43. Nd7 Kh6 44. Nb8 Re6 45. Kf3 c4 46. Kxf4 c3 47. Rc8 c2 48. Nxc6 c1=Q+ 49. Kg4 Qg1+ 50. Kh4 Re4+ 51. Kh3 Qg4+ 52. Kh2 Qxc8 53. Nxa7 Qb7 54. Nb5 Qc6 55. Na3 Qd6+ 56. Kg1 Qxa3 57. Kf1 Qc1+ 58. Kg2 Rg4+ 59. Kh3 Kg5 60. Kh2 Rh4+ 61. Kg3 Qc3+ 62. Kg2 Qh3+ 63. Kg1 Rg4# {[%emt 0:00:46] TallSnazzyBall won by
checkmate} 0-1

[Event "Fast Chess"]
[Site "ChessKid.com"]
[Date "2020.04.28"]
[Round "3"]
[White "Li, Patrick"]
[Black "Li, Tobias"]
[Result "1/2-1/2"]
[ECO "C55"]
[WhiteElo "1065"]
[BlackElo "1328"]
[PlyCount "73"]
[EventDate "2020.??.??"]
[TimeControl "300+50"]
[WhiteClock "0:03:35"]
[BlackClock "0:02:47"]

1. e4 e5 2. Nf3 Nc6 3. Nc3 Bc5 4. Bc4 Nf6 5. Ng5 O-O 6.
O-O h6 7. Nxf7 Rxf7 8. Bxf7+ Kxf7 9. Re1 d6 10. Qe2 Bg4 11. Qc4+ Kf8 12. Qb5 a6 13. Qxb7 Kg8 14. Qxc6 Bd4 15. Nd5 Nxd5 16. Qxd5+ Kh8 17. c3 Ba7 18. h3 Bh5 19. Qd3 Qf6 20. Rf1 Be8 21. Qxa6 Bd7 22. Qd3 Qg5 23. Qf3 Qg6 24. d3 Re8 25. Qg3 Qf6 26. Qh2 Qg6 27. g3 Qh5 28. g4 Qh4 29. Bf4 exf4 30. Qxf4 Qxh3 31. Qf7 Qxg4+ 32. Kh1 Qh3+ 33. Kg1 Qg3+ 34. Kh1 Qh4+ 35. Kg1 Rd8 36. Qe7 Qxe7 37. Kh1 {[%emt 0:01:25]
Game drawn by agreement} 1/2-1/2

[Event "Fast Chess"]
[Site "ChessKid.com"]
[Date "2020.04.29"]
[Round "1"]
[White "Li, Tobias"]
[Black "Georgiev, Maximilian"]
[Result "1-0"]
[ECO "A30"]
[WhiteElo "1305"]
[BlackElo "1393"]
[PlyCount "63"]
[EventDate "2020.??.??"]
[TimeControl "600"]
[WhiteClock "0:07:58"]
[BlackClock "0:06:54"]

1. e4 c5 2. Nf3 g6 3. c4 Bg7 4. Nc3 e6 5. d3 Ne7 6. Bg5 O-O 7. Be2 f6 8. Bh4 Nbc6 9. O-O a6 10. h3 b6 11. a3 Nd4 12. Bg3 Nb3 $4 13. Qxb3 Rf7 14. Qd1 Bb7 15. Re1 Rf8 16. Bd6 Re8 17. Rb1 Nc8 18. Bh2 Na7 19. b4 cxb4 20. axb4 f5 21. Rc1 fxe4 22. dxe4 Bxc3 23. Rxc3 Bxe4 24. Bf1 Qf6 25. Ra3 Bxf3 26. Qxf3 Qd8 27. Rxa6 Rf8 28. Qb7 Qf6 29. Bg3 Rfb8 30. Bxb8 Rxb8 31. Qxb8+ Kg7 32. Rxa7 {[%emt 0:00:05] OnlyHungryKiwi won by resignation
} 1-0

[Event "Fast Chess"]
[Site "ChessKid.com"]
[Date "2020.04.29"]
[Round "1"]
[White "Horvath, Alexander"]
[Black "Dai, Lana"]
[Result "0-1"]
[ECO "C55"]
[WhiteElo "1309"]
[BlackElo "1299"]
[PlyCount "118"]
[EventDate "2020.??.??"]
[TimeControl "600"]
[WhiteClock "0:03:27"]
[BlackClock "0:05:56"]

1. e4 e5 2. Nf3 Nc6 3. Bc4 Nf6 4. Nc3 h6 5. d3 a6 6. Be3 Bb4 7. O-O d6 8. Nd5 Nxd5 9. exd5 b5 10. Bxb5 axb5 11. dxc6 Bg4 12. c3 Bc5 13. Bxc5 dxc5 14. Re1 O-O 15. h3 Bh5 16. Rxe5 Bxf3 17. Qxf3 Qd6 18. Qg3 c4 19. dxc4 bxc4 20. Rae1 Qxc6 21. Rh5 Qd6 22. Ree5 Rfe8 23. Rxh6 $4 Qxh6 24. Rxe8+ Rxe8 25. Qxc7 Re1+ 26. Kh2 Re8 27. a4 Qe6 28. a5 Rc8 29. Qb7 Qd6+ 30. g3 Rb8 31.
Qa7 Qe5 32. a6 Qd6 33. h4 Qb6 34. Qxb6 Rxb6 35. a7 Ra6 36. a8=Q+ Rxa8 37. f4 Ra2 38. g4 Rxb2+ 39. Kg3 Rb3 40. f5 Rxc3+ 41. Kf4 f6 42. g5 Ra3 43. h5 fxg5+ 44. Kxg5 Rg3+ 45. Kh4 Rf3 46. Kg4 Rf1 47. Kg5 c3 48. h6 gxh6+ 49. Kxh6 Rxf5 50. Kg6 Ra5 51. Kf6 c2 52. Ke6 c1=R 53. Kd6 Rh1 54. Kc6 Rh6+ 55. Kb7 Rg5 56. Kc7 Rg7+ 57. Kd8 Rd6+ 58. Ke8 Kh7 59. Kf8 Rd8# {[%emt 0:00:02] TopBrownCave won by checkmate} 0-1

[Event "Fast Chess"]
[Site "ChessKid.com"]
[Date "2020.04.29"]
[Round "2"]
[White "Dai, Lana"]
[Black "Li, Tobias"]
[Result "1-0"]
[ECO "C47"]
[WhiteElo "1308"]
[BlackElo "1297"]
[PlyCount "57"]
[EventDate "2020.??.??"]
[TimeControl "600"]
[WhiteClock "0:07:40"]
[BlackClock "0:06:08"]

1. e4 e5 2. Nf3 Nc6 3. Nc3 Bc5 4. h3 Nf6 5. a3 a6 6. Bc4 h6 7. b4 Bd4 8. Nxd4 exd4 9. Nd5 Nxd5 10. Bxd5 O-O 11. d3 d6 12. O-O Re8 13.
Bxc6 b6 14. Bxa8 Be6 15. Bc6 Re7 16. Qf3 Qb8 17. Qg3 Kh7 18.
Qh4 f6 19. Qh5 b5 20. Bd5 Bxd5 21. Qxd5 Re5 22. Qf7 Qc8 23. f4 Re6 24. f5 Re5 25. Rf4 Qg8 26. Qg6+ Kh8 27. Rh4 Qa8 28. Bxh6 gxh6 29. Rxh6# {[%emt 0:00:04] TopBrownCave
won by checkmate} 1-0

[Event "Fast Chess"]
[Site "ChessKid.com"]
[Date "2020.04.29"]
[Round "2"]
[White "Li, Patrick"]
[Black "Horvath, Alexander"]
[Result "0-1"]
[ECO "C55"]
[WhiteElo "1064"]
[BlackElo "1312"]
[PlyCount "32"]
[EventDate "2020.??.??"]
[TimeControl "600"]
[WhiteClock "0:08:41"]
[BlackClock "0:07:55"]

1. e4 e5 2. Nf3 Nc6 3. Nc3 Nf6 4. Bc4 Bc5 5. Ng5 Nxe4 6.
Ncxe4 d5 7. Nxc5 dxc4 8. Qf3 $4 Qxg5 9. d4 Qg4 10. Qd5 exd4 11. Qxc4 Qxg2 12. Rf1 O-O 13. Qb5 Bh3 14. Qxb7 Rfe8+ 15. Kd2 Qxf1 16. Qxc7 Qe2# {[%emt 0:00:05] KeenOrangeTeeth won by
checkmate} 0-1

[Event "Fast Chess"]
[Site "ChessKid.com"]
[Date "2020.04.29"]
[Round "3"]
[White "Li, Patrick"]
[Black "Dai, Lana"]
[Result "1-0"]
[ECO "C55"]
[WhiteElo "1077"]
[BlackElo "1296"]
[PlyCount "37"]
[EventDate "2020.??.??"]
[TimeControl "600"]
[WhiteClock "0:07:54"]
[BlackClock "0:08:19"]

1. e4 e5 2. Nf3 Nc6 3. Nc3 Nf6 4. Bc4 h6 5. O-O a6 6. h3 b5 7. Bb3 b4 8. Nd5 Nxd5 9. Bxd5 Rb8 10. Bxc6 dxc6 11. Nxe5 c5 12. Nc6 Qd7 13. Nxb8 Qd6 14. Qe2 Qg6 15. Qf3 Bd6 16. Nc6 O-O 17. Na5 Qg5 18. d4 cxd4 19. Bxg5 {[%emt 0:00:03]
WideClassyQuiz won by resignation} 1-0

[Event "Fast Chess"]
[Site "ChessKid.com"]
[Date "2020.04.29"]
[Round "3"]
[White "Horvath, Alexander"]
[Black "Li, Tobias"]
[Result "1-0"]
[ECO "C55"]
[WhiteElo "1320"]
[BlackElo "1290"]
[Annotator "Ausschalten Verteidiger, Abtauschkombi"]
[PlyCount "61"]
[EventDate "2020.??.??"]
[TimeControl "600"]
[WhiteClock "0:07:14"]
[BlackClock "0:07:24"]

1. e4 e5 2. Nf3 Nc6 3. Bc4 Bc5 4. Nc3 Nf6 5. Ng5 O-O 6.
Bxf7+ Rxf7 7. Nxf7 Kxf7 8. O-O d6 9. d3 h6 10. Nd5 Nxd5 11.
exd5 Ne7 12. Qf3+ Kg8 13. Qg3 Nxd5 14. Bxh6 Qf6 15. Bg5 Qg6 16. c4 Nb6 17. h3 Bd4 18. Rfe1 Bxb2 19. Rab1 Bd4 20. Re4 Bf5 21. Rh4 Qf7 $2 22. Qf3 Bh7 $2 23. Rxh7 $4 Kxh7 $4 24. Qxf7 Kh8 25. Qh5+ Kg8 26. Qg6 Rf8 27. Bh6 Bxf2+ 28. Kh2 Rf7 29. Rf1 Bg3+ 30. Kxg3 Rxf1 31. Qxg7# {[%emt 0:00:02] KeenOrangeTeeth won by checkmate} 1-0

[Event "Fast Chess"]
[Site "ChessKid.com"]
[Date "2020.04.30"]
[Round "1"]
[White "Sasse, Gabriel"]
[Black "Horvath, Alexander"]
[Result "0-1"]
[ECO "C50"]
[WhiteElo "1266"]
[BlackElo "1327"]
[PlyCount "86"]
[EventDate "2020.??.??"]
[TimeControl "300+50"]
[WhiteClock "0:06:13"]
[BlackClock "0:06:23"]

1. e4 e5 2. Nf3 Nc6 3. Bc4 h6 4. h3 Nf6 5. Nc3 Bc5 6. O-O O-O 7. Na4 Na5 8. Nxc5 Nxc4 9. d3 d6 10. dxc4 dxc5 11. Qxd8 Rxd8 12. Nxe5 Be6 13. b3 Rd4 14. Bb2 Rxe4 15. Nf3 Re2 16. Bxf6 gxf6 17. Rad1 Rxc2 18. Ra1 a6 19. b4 cxb4 20. Nd4 Rxc4 21. Nxe6 fxe6 22. Rab1 a5 23. Rfc1 Rxc1+ 24. Rxc1 c6 25. Rc5 a4 26. Rh5 Kg7 27. Rh4 b3 28. axb3 a3 29. Rg4+ Kh7 30. Rd4 a2 31. Rd7+ Kg6 32. Rd1 a1=Q 33. Rxa1 Rxa1+ 34. Kh2 Rb1 35. b4 Rxb4 36. Kg3 c5 37. f3 c4 38. Kg4 c3+ 39. f4 c2 40. h4 c1=Q 41. h5+ Kf7 42. Kg3 Qxf4+ 43. Kh3 Qh4# {[%emt 0:00:48] KeenOrangeTeeth won by checkmate}
0-1

[Event "Fast Chess"]
[Site "ChessKid.com"]
[Date "2020.04.30"]
[Round "1"]
[White "Dai, Lana"]
[Black "Halimi, Dorian"]
[Result "1-0"]
[ECO "B01"]
[WhiteElo "1314"]
[BlackElo "1111"]
[Annotator "Grundlinienmatt"]
[PlyCount "65"]
[EventDate "2020.??.??"]
[TimeControl "300+50"]
[WhiteClock "0:05:13"]
[BlackClock "0:04:11"]

1. e4 d5 2. exd5 Qxd5 3. Nc3 Qe5+ 4. Qe2 Qxe2+ 5. Bxe2 Nf6 6.
Nf3 Nc6 7. d3 Bg4 8. Bf4 O-O-O 9. O-O-O Bxf3 10. Bxf3 Nd4 11. Be4 Ng4 12. Be3 e6 13. f3 Nxe3 14. Rdg1 Ne2+ 15. Nxe2 Bc5 16. Kb1 Nf5 17. Re1 Bf2 18. Ref1 Be3 19. g4 Nd4 20. Nxd4 Bxd4 21. f4 e5 22. Bf5+ Kb8 23. fxe5 f6 24. exf6 Bxf6 25. Re1 Rhe8 26. Rxe8 Rxe8 27. Bd7 Re7 28. Bf5 Bd4 29. Bxh7 Bf2 30. Rf1 Re2 31. g5 Be1 32. Rf8+ Re8 33. Rxe8# {[%emt 0:00:46] TopBrownCave won by checkmate} 1-0

[Event "Fast Chess"]
[Site "ChessKid.com"]
[Date "2020.04.30"]
[Round "1"]
[White "Li, Patrick"]
[Black "Li, Tobias"]
[Result "1/2-1/2"]
[ECO "C55"]
[WhiteElo "1099"]
[BlackElo "1275"]
[PlyCount "65"]
[EventDate "2020.??.??"]
[TimeControl "300+50"]
[WhiteClock "0:04:14"]
[BlackClock "0:04:33"]

1. e4 e5 2. Nf3 Nc6 3. Nc3 Bc5 4. Bc4 Nf6 5. O-O O-O 6.
Nd5 Nxd5 7. Bxd5 d6 8. Ng5 Qxg5 9. d4 Qg6 10. dxc5 dxc5 11. Bc4 Bh3 12. Qf3 Bg4 13. Qg3 Nd4 14. h3 Be2 15. Re1 Bxc4 16.
Qxe5 b6 17. Qe7 Rab8 18. Qxc7 Ne2+ 19. Kh1 Nxc1 20. Raxc1 Ra8 21. b3 Ba6 22. Qe7 Rfe8 23. Qh4 Bb7 24. f3 h6 25. Rcd1 Rad8 26. Rxd8 Rxd8 27. Qxd8+ Kh7 28. Qd3 Qe6 29. e5+ Kg8 30. Qd8+ Kh7 31. Qd3+ Kg8 32. Qd8+ Kh7 33. Qd3+ {[%emt 0:00:47] Game drawn by repetition} 1/2-1/2

[Event "Fast Chess"]
[Site "ChessKid.com"]
[Date "2020.04.30"]
[Round "2"]
[White "Horvath, Alexander"]
[Black "Fennesz, Moritz"]
[Result "1-0"]
[ECO "C40"]
[WhiteElo "1329"]
[BlackElo "965"]
[Annotator "Eröffnungsfehler, Springergabel"]
[PlyCount "47"]
[EventDate "2020.??.??"]
[TimeControl "300+50"]
[WhiteClock "0:04:47"]
[BlackClock "0:04:39"]

1. e4 e5 2. Nf3 b5 3. Bxb5 Bb7 4. Nxe5 g6 5. Nc3 Bg7 6. Bxd7+ Nxd7 7. Nxd7 Kxd7 8. Qg4+ Ke8 9. O-O Qd4 10. Nb5 Qc4 11. a4 Qe6 12. Nxc7+ Ke7 13. Nxe6 fxe6 14. d3 Ba6 15. Bg5+ Kd6 16. Qf3 Rc8 17. e5+ Kxe5 18. Rfe1+ Kd4 19. Be3+ Ke5 20. Bxa7+ Kd6 21. Qf4+ Ke7 22. Qe3 Rxc2 23. Qxe6+ Kf8 24. Qe8# {[%emt 0:00:50]
KeenOrangeTeeth won by checkmate} 1-0

[Event "Fast Chess"]
[Site "ChessKid.com"]
[Date "2020.04.30"]
[Round "2"]
[White "Li, Tobias"]
[Black "Dai, Lana"]
[Result "1-0"]
[ECO "C55"]
[WhiteElo "1284"]
[BlackElo "1306"]
[PlyCount "119"]
[EventDate "2020.??.??"]
[TimeControl "300+50"]
[WhiteClock "0:04:54"]
[BlackClock "0:05:12"]

1. e4 e5 2. Nf3 Nc6 3. Nc3 Nf6 4. Bc4 h6 5. O-O Bc5 6. h3 a6 7. a3 b5 8. Bd5 Nxd5 9. exd5 b4 10. a4 bxc3 11. dxc6 cxb2 12. cxd7+ Qxd7 13. Bxb2 Bd6 14. Nxe5 Bxe5 15. Bxe5 O-O 16. Bb2 Qe6 17. Re1 Qg6 18. Qf3 c6 19. c3 Rb8 20. Ba3 Rd8 21. Be7 Re8 22. Ba3 Rd8 23.
Re7 Bb7 24. Rb1 c5 25. Rbxb7 Rxb7 26. Rxb7 c4 27. Re7 Qb1+ 28. Kh2 Qb8+ 29. Kh1 Qb1+ 30. Kh2 Qb8+ 31. Qg3 Qxg3+ 32. Kxg3 Rxd2 33. Re8+ Kh7 34. Re7 Rc2 35. Bb4 Ra2 36. Rxf7 Rxa4 37. Ra7 a5 38. Rxa5 Rxa5 39. Bxa5 Kg6 40. Kf4 Kf6 41. Ke4 g5 42. Kd4 Kf5 43. Kxc4 h5 44. Kd3 g4 45. hxg4+ Kxg4 46. Ke3 h4 47. c4 h3 48. c5 hxg2 49. f3+ Kg3 50.
Bc7+ Kh3 51. Kf2 g1=Q+ 52. Kxg1 Kh4 53. Ba5 Kg5 54. c6 Kf6 55. c7 Kf5 56. c8=Q+ Kf4 57. Qg4+ Ke3 58. Bb6+ Ke2 59. Qe4+ Kd1 60. f4 {[%emt 0:00:49] OnlyHungryKiwi won by resignation} 1-0

[Event "Fast Chess"]
[Site "ChessKid.com"]
[Date "2020.04.30"]
[Round "2"]
[White "Li, Patrick"]
[Black "Sasse, Gabriel"]
[Result "0-1"]
[ECO "C50"]
[WhiteElo "1095"]
[BlackElo "1271"]
[Annotator "wähle richtigen Schlagzug"]
[PlyCount "40"]
[EventDate "2020.??.??"]
[TimeControl "300+50"]
[WhiteClock "0:05:37"]
[BlackClock "0:04:52"]

1. e4 e5 2. Nf3 Nc6 3. Nc3 Bc5 4. Bc4 h6 5. O-O Nf6 6. a3 O-O 7. b4 Nd4 8. Nxd4 $4 Bxd4 9. h3 c6 10. Qf3 d5 11. Bd3 dxe4 12. Bxe4 Nxe4 13. Qxe4 Qg5 14. d3 Qd8 15. Qf3 Bxc3 16. Qg3 Bxa1 17. Bxh6 e4 18. Rxa1 Qd4 19. Bxg7 Qxg7 20. Qxg7+ Kxg7 {[%emt 0:00:46]
LimeFarActor won by resignation} 0-1

[Event "Fast Chess"]
[Site "ChessKid.com"]
[Date "2020.04.30"]
[Round "3"]
[White "Li, Tobias"]
[Black "Horvath, Alexander"]
[Result "1-0"]
[ECO "C42"]
[WhiteElo "1293"]
[BlackElo "1320"]
[Annotator "Bauernendspiel; Remis ist besser als verliere"]
[PlyCount "147"]
[EventDate "2020.??.??"]
[TimeControl "300+50"]
[WhiteClock "0:05:54"]
[BlackClock "0:06:02"]

1. e4 e5 2. Nf3 Nf6 3. Nxe5 Qe7 4. Nf3 Nxe4 5. Qe2 Nc6 6.
d3 Nf6 7. Nc3 d6 8. Bg5 h6 9. Bh4 g5 10. Bg3 g4 11. Nd2 Nd4 12. Qxe7+ Bxe7 13. O-O-O Be6 14. f3 O-O-O 15. fxg4 Bxg4 16. Re1 Rde8 17. Bf2 Nc6 18. g3 Bf3 19. Rg1 Ng4 20. Bg2 Bxg2 21. Rxg2 Nxf2 22. Rxf2 d5 23. Nxd5 Bc5 24. Rff1 Rxe1+ 25. Rxe1 Bf2 26. Rf1 Re8 27. Nf6 Re6 28. Ng4 Be3 29. Re1 Bxd2+ 30. Kxd2 Rxe1 31. Kxe1 h5 32. Nh6 Nd4 33. Kd2 Nf3+ 34. Ke2 Nxh2 35. Nxf7 Kd7 36. Ne5+ Kd6 37. Nf3 Nxf3 38. Kxf3 c5 39. Ke2 Ke5 40. Ke3 b5 41. c3 a5 42. b3 b4 43. c4 Kf5 44. Kf3 Kg5 45. Ke3 Kg4 46. Kf2 Kh3 47. Kf3 Kh2 48. Kf2 Kh1 49. g4 hxg4 50. Kg3 Kg1 51. Kxg4 Kf2 52. Kf4 Ke2 53. Ke4 Kd2 54. Kd5 Kxd3 55. Kxc5 Kc2 56. Kb5 Kb2 57. Kxa5 Kxa2 58. Kxb4 Kb2 59. c5 Kc2 60. c6 Kd3 61. c7 Kd4 62. c8=Q Kd5 63. Qc5+ Ke6 64. Kc3 Kd7 65. b4 Ke6 66. b5 Kd7 67. Qc6+ Kd8 68. Qb7 Ke8 69. Qc7 Kf8 70. Qd7 Kg8 71. Qe7 Kh8 72. b6 Kg8 73. b7 Kh8 74. b8=Q# {[%emt 0:00:46] OnlyHungryKiwi won by
checkmate} 1-0

[Event "Fast Chess"]
[Site "ChessKid.com"]
[Date "2020.04.30"]
[Round "3"]
[White "Fennesz, Moritz"]
[Black "Dai, Lana"]
[Result "0-1"]
[ECO "A00"]
[WhiteElo "963"]
[BlackElo "1308"]
[Annotator "Turmendspiel; Remis ist besser als verlieren"]
[PlyCount "96"]
[EventDate "2020.??.??"]
[TimeControl "300+50"]
[WhiteClock "0:05:36"]
[BlackClock "0:05:00"]

1. g4 e5 2. Bg2 Bc5 3. b3 d6 4. Bb2 Bxg4 5. f3 Bf5 6. e4 Be6 7. Ne2 Nc6 8. d4 exd4 9. Nxd4 Nxd4 10. Bxd4 Bxd4 11. Qxd4 Qf6 12. Qxf6 Nxf6 13. Nc3 O-O-O 14. O-O-O d5 15. exd5 Nxd5 16.
Rxd5 $2 Bxd5 17. Nxd5 Rxd5 18. f4 Rf5 19. Rf1 Re8 20. Bh3 g6 21.
Bxf5+ gxf5 22. h4 Re2 23. Rg1 Rf2 24. Rg5 Rf1+ 25. Kb2 Rxf4 26. Rg7 Rxh4 27. Rxf7 f4 28. Kc1 h5 29. Kd2 Rg4 30. Kd3 h4 31.
Kd4 f3+ 32. Ke5 Rg3 33. Ke6 Rg6+ 34. Ke7 Rg8 35. c4 h3 36. Rxf3 h2 37. Rf1 Rg7+ 38. Ke6 Rg6+ 39. Ke5 $4 Rg1 $3 40. Rxg1 hxg1=Q 41. Ke6 Qg5 42. Kf7 Qh6 43. Ke7 Qd6+ 44.
Ke8 Qd7+ 45. Kf8 Kd8 46. Kg8 Ke8 47. Kh8 Kf7 48. Kh7 Qh3# {[%emt 0:00:47]
TopBrownCave won by checkmate} 0-1

[Event "Fast Chess"]
[Site "ChessKid.com"]
[Date "2020.04.30"]
[Round "3"]
[White "Halimi, Dorian"]
[Black "Sasse, Gabriel"]
[Result "1/2-1/2"]
[ECO "C01"]
[WhiteElo "1115"]
[BlackElo "1268"]
[Annotator "Röntgenangriff"]
[PlyCount "121"]
[EventDate "2020.??.??"]
[TimeControl "300+50"]
[WhiteClock "0:06:30"]
[BlackClock "0:06:37"]

1. d4 e6 2. e4 Nc6 3. Nc3 e5 4. d5 Nb4 5. Bb5 c6 6. dxc6 dxc6 7. Bc4 Nf6 8.
Qxd8+ Kxd8 9. Bg5 Nxc2+ 10. Kd1 Nxa1 11. Bxf6+ gxf6 12. Bxf7 Bd7 13. Nf3 Kc7 14. Kd2 Rc8 15. Rxa1 Kb8 16. Rc1 Rd8 17. Ke2 c5 18. Nd5 Bb5+ 19. Ke3 Bh6+ 20. Ng5 Bxg5+ 21. f4 exf4+ 22. Nxf4 Rd3+ 23. Ke2 Bxf4 24. Rxc5 Rd2+ 25. Kf3 Rxb2 26. Rf5 Be2+ 27. Kxf4 Rxa2 28. Rxf6 Bd3 29. e5 Rf2+ 30. Kg5 Rxf6 31. Kxf6 Rf8 32. e6 Kc7 33. e7 Rc8 34. Kg7 Kd7 35. Kf6 b5 36. g4 $4 b4 37. g5 b3 38. Bxb3 a5 39. h4 Rc3 40. Be6+ Ke8 41. Bf7+ Kd7 42. e8=Q+ Kd6 43. Qe6+ Kc7 44. h5 Rc6 45. Qxc6+ Kxc6 46. g6 hxg6 47. hxg6 Bxg6 48. Kxg6 a4 49. Kf5 Kc5 50. Ke4 Kb4 51. Kd3 a3 52. Kc2 Ka4 53. Kb1 Kb4 54. Ka2 Ka4 55. Bb3+ Kb4 56. Bc2 Kc3 57. Bb3 Kb4 58. Bc2 Kc3 59. Ba4 Kb4 60. Bb3 Kc3 61. Kxa3 {
[%emt 0:00:47] Game drawn - insufficient material} 1/2-1/2

[Event "Fast Chess"]
[Site "ChessKid.com"]
[Date "2020.04.30"]
[Round "1"]
[White "Li, Tobias"]
[Black "Georgiev, Maximilian"]
[Result "0-1"]
[ECO "C55"]
[WhiteElo "1296"]
[BlackElo "1406"]
[Annotator "Läuferpaar"]
[PlyCount "110"]
[EventDate "2020.??.??"]
[TimeControl "1200"]
[WhiteClock "0:14:20"]
[BlackClock "0:12:44"]

1. e4 e5 2. Nf3 Nc6 3. Nc3 Nf6 4. Bc4 h6 5. O-O Bb4 6. h3 O-O 7. d3 Na5 8. Bb3 Nxb3 9. axb3 Be7 10. Be3 b6 11. Nb5 a6 12. Nc3 d6 13.
Qd2 Bb7 14. Bxh6 c5 15. Qg5 g6 16. Bxf8 Kxf8 17. Qh6+ Kg8 18. Ng5 Bc6 19. Qh4 Ra7 20. Nd5 Nxd5 21. exd5 Bxg5 22. Qe4 Bb7 23. Qg4 Bc8 24. Qg3 Bh4 25. Qf3 Kg7 26. Qe4 Bf5 27. Qf3 Qg5 28. Rfe1 Qd8 29. Ra4 Bf6 30. Qg3 b5 31. Raa1 Bc8 32. Re4 b4 33. c3 bxc3 34. bxc3 Qe7 35. c4 Kh6 36. Qe3+ Kg7 37. Qg3 Bb7 38. Ra5 Qc7 39. Ra1 Qb6 40. Rb1 Bc8 41. Ree1 Qd8 42. Re4 Qe7 43. Ree1 Bg5 44. Re4 Bd7 45. Ra1 Rb7 46. Rb1 a5 47. Ree1 Qf6 48. Re4 a4 49. Ree1 axb3 50. Rb2 Bh4 51. Qe3 Ba4 52. Ra1 Rb4 53. Kf1 e4 54. Rbb1 exd3 55. Qxd3 Qxf2# {[%emt 0:00:02]
TallSnazzyBall won by checkmate} 0-1

[Event "Fast Chess"]
[Site "ChessKid.com"]
[Date "2020.04.30"]
[Round "1"]
[White "Dai, Lana"]
[Black "Sasse, Gabriel"]
[Result "1/2-1/2"]
[ECO "C50"]
[WhiteElo "1307"]
[BlackElo "1275"]
[PlyCount "153"]
[EventDate "2020.??.??"]
[TimeControl "1200"]
[WhiteClock "0:14:46"]
[BlackClock "0:12:29"]

1. e4 e5 2. Nf3 Nc6 3. Nc3 Bc5 4. Bc4 h6 5. a3 a6 6. b4 b5 7. bxc5 bxc4 8. h3 Nf6 9. d3 O-O 10. dxc4 Nd4 11. Nxd4 exd4 12. Qxd4 Re8 13. O-O c6 14. e5 Nh5 15. Qd1 Rxe5 16. Na4 Nf6 17. Re1 Rxe1+ 18. Qxe1 d6 19. Nb6 Rb8 20. Nxc8 Qxc8 21. cxd6 Qd8 22. Qe5 Qe8 23. Qxe8+ Rxe8 24. Bf4 Nh5 25. d7 Rd8 26. Bc7 Rxd7 27. Be5 Re7 28. Bd6 Re6 29. Bb4 Nf6 30. Rd1 Ne4 31. Re1 Ng5 32. Rxe6 Nxe6 33. g4 Nd4 34. c3 Ne2+ 35. Kf1 Nf4 36. h4 g5 37. hxg5 hxg5 38. a4 Kh7 39. Bd6 Nd3 40. Be7 Kg6 41. Ke2 Nb2 42. Bc5 Nxc4 43. Kf3 Nb2 44. a5 Nc4 45. Bb4 Ne5+ 46. Kg3 Nd3 47. Ba3 f5 48. gxf5+ Kxf5 49. f3 Ne5 50. Bd6 Nc4 51. Bb4 Ne3 52. Bc5 Nf1+ 53. Kg2 Nd2 54. Bd6 Nc4 55. Bb4 Ne3+ 56. Kg3 Nd1 57. c4 Nb2 58. c5 Nd3 59. Ba3 Nf4 60. Bc1 Nh5+ 61. Kf2 g4 62. fxg4+ Kxg4 63. Ke3 Nf6 64. Kd4 Nd7 65. Ba3 Kf5 66. Bb2 Ke6 67. Ba3 Ne5 68. Bb4 Nf3+ 69. Kc4 Ne5+ 70. Kd4 Ng4 71. Bd2 Ne5 72. Bf4 Nf3+ 73. Kc4 Ne5+ 74. Kd4 Nf3+ 75. Kc4 Nh4 76. Bg5 Nf3 77. Bf4 {[%emt 0:00:03] Game drawn by
repetition} 1/2-1/2

[Event "Fast Chess"]
[Site "ChessKid.com"]
[Date "2020.04.30"]
[Round "2"]
[White "Georgiev, Maximilian"]
[Black "Dai, Lana"]
[Result "1/2-1/2"]
[ECO "C77"]
[WhiteElo "1404"]
[BlackElo "1309"]
[Annotator "Endspiel Turm gg Freibauer"]
[PlyCount "140"]
[EventDate "2020.??.??"]
[TimeControl "1200"]
[WhiteClock "0:14:01"]
[BlackClock "0:15:20"]

1. e4 e5 2. Nf3 Nc6 3. Bb5 Nf6 4. Nc3 a6 5. Ba4 b5 6. Bb3 b4 7. Nd5 Nxd5 8. Bxd5 Bc5 9. O-O Rb8 10. d3 h6 11. Bxc6 dxc6 12. Nxe5 Qd6 13. Nf3 Qg6 14. Nh4 Qd6 15. Nf5 Bxf5 16. exf5 O-O 17. Qf3 Qe5 18. Bf4 Qe7 19. Rfe1 Qd7 20. Qg3 Kh8 21. Bxc7 Rbc8 22. Be5 f6 23. Bf4 Qxf5 24. Be3 Bxe3 25. Rxe3 Rce8 26. Rxe8 Rxe8 27. h3 Re2 28. Rc1 Qe5 29. Qxe5 Rxe5 30. c3 bxc3 31. Rxc3 c5 32. b3 Re1+ 33. Kh2 Re2 34. Rxc5 Rxf2 35. a4 Rd2 36. Ra5 Rxd3 37. Rxa6 Rxb3 38. Ra8+ Kh7 39. a5 Ra3 40. Kg1 Ra1+ 41. Kf2 Ra2+ 42. Ke3 f5 43. Kf4 Kg6 44. g4 fxg4 45. hxg4 Ra4+ 46. Kf3 Kg5 47. a6 Rxg4 48. a7 h5 49. Rg8 Rf4+ 50. Ke3 Ra4 51. a8=Q Rxa8 52. Rxa8 h4 53. Rg8 g6 54. Ra8 h3 55. Kf2 Kg4 56. Rh8 g5 57. Kg1 Kg3 58.
Kh1 g4 59. Kg1 h2+ 60. Kh1 Kf3 61. Rxh2 g3 62. Rg2 Kg4 63. Kg1 Kh3 64. Kf1 Kg4 65. Ke2 Kf4 66. Kd3 $4 Kf3 67. Ra2 g2 68. Ra1 Kf2 69. Kd2 g1=Q 70. Rxg1 Kxg1 {[%emt 0:00:01] Game drawn - insufficient
material} 1/2-1/2

[Event "Fast Chess"]
[Site "ChessKid.com"]
[Date "2020.04.30"]
[Round "2"]
[White "Sasse, Gabriel"]
[Black "Rosenkranz, Benjamin"]
[Result "0-1"]
[ECO "C57"]
[WhiteElo "1265"]
[BlackElo "1166"]
[Annotator "Preussisch, Ausschalten Verteidigung"]
[PlyCount "92"]
[EventDate "2020.??.??"]
[TimeControl "1200"]
[WhiteClock "0:16:05"]
[BlackClock "0:17:56"]

1. e4 e5 2. Nf3 Nc6 3. Bc4 Nf6 4. Ng5 d5 5. exd5 Nxd5 6.
Nc3 Be6 7. Nxd5 Bxd5 8. Bxd5 Qxd5 9. O-O O-O-O 10. Qg4+ Qd7 11. Qxd7+ Rxd7 12. d3 Be7 13. Nxf7 Rf8 14. Bg5 $4 Rxf7 15. Bxe7 Rfxe7 16. c3 Rxd3 17. Rae1 Rd2 18. f4 exf4 19. Rxe7 Nxe7 20. Re1 Kd7 21. Re4 Rxb2 22. Rxf4 Rxa2 23. Rf7 g6 24. Rxh7 Ke6 25. Rh3 Nf5 26. Rd3 b6 27. c4 Ra4 28. Rc3 Nd4 29. Re3+ Kd6 30. Rc3 Ra2 31. Rg3 Kc5 32. Rxg6 Kxc4 33. Rg7 c6 34. Rg4 Kc5 35. Rg5+ Kd6 36. Rg6+ Ne6 37. g4 Ke5 38. h4 Nf4 39. h5 Nxg6 40. h6 c5 41.
h7 c4 42. h8=Q+ Nxh8 43. g5 c3 44. g6 Nxg6 45. Kf1 c2 46. Ke1 c1=R# {[%emt 0:00:03] FineBeamingStage won by checkmate} 0-1

[Event "Fast Chess"]
[Site "ChessKid.com"]
[Date "2020.04.30"]
[Round "3"]
[White "Rosenkranz, Benjamin"]
[Black "Georgiev, Maximilian"]
[Result "0-1"]
[ECO "C55"]
[WhiteElo "1163"]
[BlackElo "1407"]
[Annotator "Springergabel, Entwicklung"]
[PlyCount "62"]
[EventDate "2020.??.??"]
[TimeControl "1200"]
[WhiteClock "0:17:29"]
[BlackClock "0:15:30"]

1. e4 e5 2. Nf3 Nc6 3. Bc4 h6 4. O-O Nf6 5. Nc3 Nxe4 6. Nxe4 d5 7. Bxd5 Qxd5 8. d3 Be7 9. Be3 O-O 10. Qd2 Nb4 11. a3 Nc6 12. c4 Qd8 13.
Bc5 Bxc5 14. Nxc5 Bg4 15. Ne1 e4 $2 16. Nxe4 Nd4 17. Nc5 $4 b6 $1 18. Ne4 Nb3 19. Qc3 Nxa1 20. b3 Be2 21.
Qxa1 Bxf1 22. Kxf1 Qh4 23. Kg1 c5 24. Nf3 Qf4 25. Qc3 Rfd8 26.
h3 Rd7 27. Kf1 Rad8 28. Ke2 Rxd3 29. Qb2 Qxe4+ 30. Kf1 Rd1+ 31. Ne1 Qxe1# {[%emt 0:00:03] TallSnazzyBall won by
checkmate} 0-1